 Dungeon Crawl Stone Soup version 0.26-a0-466-g989023bd0d (webtiles) character file.

Game seed: 8061854864172430684

44 Apogee the Slasher (level 3, -1/22 HPs)
             Began as a Gargoyle Gladiator on Aug 6, 2020.
             Killed from afar by Sigmund (11 damage)
             ... with a puff of flame
             ... on level 2 of the Dungeon.
             The game lasted 00:01:14 (983 turns).

Apogee the Slasher (Gargoyle Gladiator)              Turns: 983, Time: 00:01:15

Health: -1/22      AC:  9    Str: 18    XL:     3   Next: 60%
Magic:  3/3        EV: 11    Int:  8    God:
Gold:   59         SH:  0    Dex: 11    Spells: 2/2 levels left

rFire    . . .     SeeInvis .   a - +0 long sword
rCold    . . .     Faith    .   (no shield)
rNeg     + . .     Spirit   .   i - +0 ring mail {MR+}
rPois    ∞         Reflect  .   c - +0 helmet
rElec    +         Harm     .   (no cloak)
rCorr    .                      (no gloves)
MR       +....                  (no boots)
Stlth    +.........             (no amulet)
HPRegen  0.07/turn              (no ring)
MPRegen  0.08/turn              (no ring)

@: no status effects
A: negative energy resistance 1, electricity resistance, unbreathing,
petrification resistance, rot immunity, AC +3
a: no special abilities


You were on level 2 of the Dungeon.
You visited 1 branch of the dungeon, and saw 2 of its levels.

You collected 59 gold pieces.

Inventory:

Hand Weapons
 a - a +0 long sword (weapon)
Missiles
 d - 3 throwing nets (quivered) {!f}
Armour
 b - a +0 leather armour
 c - a +0 helmet (worn)
 i - a +0 ring mail of magic resistance (worn)
   (You found it on level 1 of the Dungeon)
Jewellery
 g - an uncursed ring of stealth {unknown}
   (You found it on level 1 of the Dungeon)
Scrolls
 f - 2 scrolls of teleportation {unknown}
 h - 2 scrolls of identify {unknown}
 k - a scroll of amnesia {unknown}
Potions
 e - 2 potions of flight {unknown}
 j - a potion of invisibility {unknown}
 l - a potion of lignification {unknown}
 m - a potion of haste {unknown}
 n - a potion of heal wounds {unknown}


   Skills:
 + Level 2.8 Fighting
 * Level 3.4 Long Blades
 - Level 1.7 Throwing
 + Level 2.8 Dodging


You had 2 spell levels left.
You didn't know any spells.
Your spell library was empty.

Dungeon Overview and Level Annotations

Branches:
Dungeon (2/15)

Altars:

Annotations:
D:2 Sigmund


Innate Abilities, Weirdness & Mutations

You are resistant to torment.
Your stone body is resilient. (AC +3)
You are immune to poison.
You resist negative energy. (rN+)
You are resistant to electric shocks. (rElec)
You can survive without breathing.
You are immune to petrification.
You are immune to rotting.


Message History

Found 18 arrows.
A leopard gecko is nearby!
A leopard gecko is nearby!
You closely miss the leopard gecko.
The leopard gecko bites you but does no damage.
You hit the leopard gecko but do no damage.
The leopard gecko completely misses you.
The leopard gecko bites you.
You barely miss the leopard gecko.
The leopard gecko bites you but does no damage.
You closely miss the leopard gecko. The leopard gecko bites you.
The leopard gecko barely misses you.
You closely miss the leopard gecko.
The leopard gecko bites you but does no damage.
You hit the leopard gecko. The leopard gecko closely misses you.
The leopard gecko barely misses you.
You slash the leopard gecko!
You kill the leopard gecko!
No target in view!
An adder comes into view.
The adder hisses angrily.
The adder misses you.
You closely miss the adder. The adder completely misses you.
You closely miss the adder. The adder closely misses you.
You riposte.
You hit the adder. The adder barely misses you.
You slash the adder! The adder bites you but does no damage.
You barely miss the adder. The adder closely misses you.
The adder bites you but does no damage.
You closely miss the adder. The adder completely misses you.
You riposte.
You hit the adder but do no damage. You slash the adder!
You kill the adder!
No target in view!
You see here an adder corpse.
Found a leather armour.
Found an emerald potion.
n - an emerald potion A hobgoblin and Sigmund come into view.
The hobgoblin moves out of view.
Found a stone staircase leading down.
Sigmund hits you with a +0 scythe.
You hit Sigmund but do no damage. Sigmund hits you with a +0 scythe!
* * * LOW HITPOINT WARNING * * *
The hobgoblin closely misses you.
The hobgoblin hits you but does no damage.
Sigmund's eyes start glowing with a red light.
Sigmund points at you and mumbles some strange words.
The puff of flame hits you!
Ouch! That really hurt!
You die...

. .# #... .....
#####......
##..@g......
############..##@....>.
#............## .......
#..######...## ....###
##....###...# #.......
####.......#..[#....##
##########...........##
.....# #....##.......
.....#####....### ##...


You could see Sigmund and a hobgoblin.

Vanquished Creatures
  An adder (D:2)
  A dart slug (D:2)
  A leopard gecko (D:2)
  2 giant cockroaches (D:1)
  3 goblins (D:1)
  5 hobgoblins
  5 bats
  2 frilled lizards (D:1)
  7 kobolds
  2 rats (D:1)
29 creatures vanquished.

Notes
Turn   | Place    | Note
-------+----------+-------------------------------------------
     0 | D:1      | Apogee the Gargoyle Gladiator began the quest for the Orb.
     0 | D:1      | Reached XP level 1. HP: 12/12 MP: 1/1
    91 | D:1      | Reached XP level 2. HP: 18/18 MP: 2/2
   103 | D:1      | Reached skill level 3 in Long Blades
   619 | D:1      | Reached XP level 3. HP: 21/22 MP: 3/3
   977 | D:2      | Noticed Sigmund
   983 | D:2      | Killed from afar by Sigmund

Illustrated notes

Levels and vault maps discovered:
D:1:      minmay_arrival_doors, layout_loops_ring
D:2:      layout_rooms, marbit_many_paths, uniq_sigmund

Skill      XL: |  1  2 |
---------------+-------+-----
Long Blades    | 3 |  3.4
Fighting       | |  2.8
Throwing       | |  1.7
Dodging        | |  2.8

Action                   || total
-------------------------++-------
Melee: Long sword        ||    91
Armor: Leather armour    ||    13
       Ring mail         ||    34
Dodge: Dodged            ||    69
       Rpst.: Long sword ||    19

Table legend: (Time is in decaauts)
 A = Elapsed time spent in this place.
 B = Non-inter-level travel time spent in this place.
 C = Inter-level travel time spent in this place.
 D = Time resting spent in this place.
 E = Time spent auto-exploring this place.
 F = Levels seen in this place.
 G = Mean time per level.
                   A        B        C        D        E       F      G
               +--------+--------+--------+--------+--------+-----+--------+
         Total |   1004 |    974 |     30 |      0 |    754 |   2 |  502.0 |
       Dungeon |   1004 |    974 |     30 |      0 |    754 |   2 |  502.0 |
               +--------+--------+--------+--------+--------+-----+--------+

Top non-repeatable levels by time:
     D:1: 684 daAuts
     D:2: 319 daAuts
